 Dungeon Crawl Stone Soup version 0.17-a0-1020-ge683cc4 (console) character file.

168 Monkaria the Skirmisher (level 5, -3/66 HPs)
             Began as a Demonspawn Chaos Knight on May 14, 2015.
             Killed by divine providence
             ... invoked by an orc priest
              (10 damage)
             ... on level 3 of the Dungeon.
             The game lasted 00:03:55 (2711 turns).

Monkaria the Skirmisher (Demonspawn Chaos Knight)   Turns: 2711, Time: 00:03:55

Health: -3/66      AC: 22    Str: 16      XL:     5   Next: 23%
Magic:  0/5        EV:  2    Int: 13      God:    Xom [..*...]
Gold:   177        SH:  0    Dex: 11 (12) Spells: 0 memorised, 4 levels left

rFire  . . .     SeeInvis .     a - +0 falchion (chaos)
rCold  . . .     Clarity  .     (armour currently unavailable)
rNeg   + + +     SustAb   .     (no shield)
rPois  +         Gourm    .     (helmet currently unavailable)
rElec  .         Spirit   +     (cloak currently unavailable)
rCorr  .         Warding  .     (gloves currently unavailable)
rMut   .         NoTele   +     (boots currently unavailable)
MR     .....                    (no amulet)
Stlth  +.........               (no ring)
                                m - ring of teleport control

@: tree-form, not resistant to hostile enchantments, very unstealthy
A: (beak), (talons 0), breathe flames 1, (deformed body), high mp 1, strong 1,
magic shield, magic regeneration
a: Renounce Religion, Breathe Fire, Evoke Teleport Control


You were on level 3 of the Dungeon.
You worshipped Xom.
You were a toy of Xom.
You were not hungry.
You were a tree.
You visited 1 branch of the dungeon, and saw 3 of its levels.

You collected 177 gold pieces.

Inventory:

Hand weapons
 a - a +0 falchion of chaos (weapon)
Armour
 b - a +2 leather armour (melded)
 l - a +1 helmet
Jewellery
 m - a ring of teleport control (left branch)
Magical devices
 g - a wand of invisibility (4)
Scrolls
 d - a scroll of amnesia {unknown}
 e - 2 scrolls of recharging
 i - 3 scrolls of teleportation
Potions
 f - a potion of agility
Comestibles
 c - 4 bread rations
 j - a meat ration
 k - a royal jelly
 p - a chunk of flesh


   Skills:
 - Level 5.2 Fighting
 + Level 3.7 Long Blades
 - Level 1.7 Armour
 - Level 0.8 Dodging


You had 4 spell levels left.
You didn't know any spells.

Dungeon Overview and Level Annotations

Branches:
Dungeon (3/15)

Altars:
Makhleb


Innate Abilities, Weirdness & Mutations

((You have razor-sharp toenails.))
When hurt, damage is shared between your health and your magic reserves.
You regenerate magic rapidly.
((You have a beak for a mouth.))
You can breathe flames.
((Armour fits poorly on your strangely shaped body.))
You have an increased reservoir of magic (+10% MP).
Your muscles are strong. (Str +2)


Message History

It was a potion of degeneration.
There was something very wrong with that liquid.
You feel clumsy.
Xom thinks this is hilarious!
The orc priest hits you with a hand axe.
* * * LOW HITPOINT WARNING * * *
Drink which item? (? for menu, Esc to quit)
It was a potion of lignification.
You turn into a tree.
Your +2 leather armour melds into your body.
Your roots penetrate the ground.
You hit the orc but do no damage.
The orc is poisoned.
You hit the orc.
The orc is moderately wounded.
The orc hits you but does no damage.
You hit the orc.
The orc is heavily wounded.
The orc hits you but does no damage.
The orc priest invokes the aid of Beogh against you.
Something smites you!
You die...

###..####.... .#
##...## # .# ##.....#
.. ......## .#
####.## .# #.# ##.#
#.# #oo# ##'## #o#
##...## #####♣####
##.....## #........#
#.......## #.#.#.##.#
.........###.....##.#
.........'.......##.#
.........###.>...##.#
#.......## #.#.####.#
##.....## #.#.####.#
##...## #........#


You could see an orc priest and 2 orcs.

Vanquished Creatures
  Ijyb (D:2)
  5 adders
  2 gnolls (D:2)
  2 worms
  2 orcs (D:3)
  7 bats
  4 giant cockroaches
  5 goblins
  9 hobgoblins
  8 kobolds
  4 giant geckos
  2 giant newts
  2 quokkas (D:3)
  7 rats
60 creatures vanquished.

Vanquished Creatures (collateral kills)
  A gnoll (D:2)
  A hobgoblin (D:2)
2 creatures vanquished.

Grand Total: 62 creatures vanquished

Notes
Turn   | Place    | Note
--------------------------------------------------------------
     0 | D:1      | Monkaria the Demonspawn Chaos Knight began the quest for the Orb.
     0 | D:1      | Reached XP level 1. HP: 18/18 MP: 1/1
   119 | D:1      | Gained mutation: You have sharp toenails. [demonic ancestry]
   119 | D:1      | Reached XP level 2. HP: 24/24 MP: 2/2
   268 | D:1      | XOM: silly message
   432 | D:1      | You fall through a shaft!
   477 | D:2      | XOM: smoke on damage
   719 | D:2      | Reached skill level 4 in Fighting
   755 | D:2      | Noticed Ijyb
   764 | D:2      | XOM: potion effect (berserk rage)
   768 | D:2      | Gained mutation: You have razor-sharp toenails. [demonic ancestry]
   768 | D:2      | Reached XP level 3. HP: 30/30 MP: 3/3
   783 | D:2      | XOM: summons friendly shadow imp
   786 | D:2      | Gained mutation: You have an increased reservoir of magic (+10% MP). [potion of mutation]
   786 | D:2      | Gained mutation: Armour fits poorly on your strangely shaped body. [potion of mutation]
   786 | D:2      | Gained mutation: You have a beak for a mouth. [potion of mutation]
   790 | D:2      | Gained mutation: You can breathe flames. [potion of beneficial mutation]
   793 | D:2      | Killed Ijyb
   793 | D:2      | Gained mutation: When hurt, damage is shared between your health and your magic reserves. [demonic ancestry]
   793 | D:2      | Reached XP level 4. HP: 16/38 MP: 4/4
   794 | D:2      | Reached skill level 5 in Fighting
  1248 | D:2      | XOM: noise
  1249 | D:2      | XOM: smoke on damage
  1726 | D:2      | XOM: silly message
  1814 | D:3      | XOM: medium Fire miscast
  2172 | D:3      | Found a burning altar of Makhleb.
  2192 | D:3      | XOM: divination: magic mapping
  2211 | D:3      | Gained mutation: You regenerate magic rapidly. [demonic ancestry]
  2211 | D:3      | Reached XP level 5. HP: 42/44 MP: 5/5
  2704 | D:3      | Gained mutation: Your muscles are strong. (Str +2) [potion of beneficial mutation]
  2711 | D:3      | Killed from afar by an orc priest

Vault maps used:
D:1:      lordsloth_arrival_two_stooges, serial_forest,
          infiniplex_forest_clump_large, infiniplex_forest_end_2,
          infiniplex_forest_diagonal, infiniplex_forest_straight_4,
          infiniplex_forest_straight_4, infiniplex_forest_straight_2,
          infiniplex_forest_clump_long
D:2:      lemuel_upstairs_altar, minmay_misc_feat_secret_circle, uniq_iyjb
D:3:      old_standard_altar, uniq_crazy_yiuf_cottage

Action                   |  1- 3 |  4- 6 || total
-------------------------+-------+-------++-------
Melee: Falchion          |    90 |   120 ||   210
  Use: Potion            |     3 |     3 ||     6
       Scroll            |       |     6 ||     6
 Stab: Sleeping          |       |     1 ||     1
       Paralysed         |       |     1 ||     1
  Eat: Chunk             |       |     7 ||     7
